 Dungeon Crawl Stone Soup version 0.31-a0-8-gd14b0f4ee2 (webtiles) character file.

Game seed: 3072459660147148853

10877 Pimp the Fighter (level 11, -10/73 HPs)
             Began as a Gargoyle Fighter on May 5, 2023.
             Mangled by Rupert
             ... wielding a +1 antimagic battleaxe
              (39 damage)
             ... on level 12 of the Dungeon on May 6, 2023.
             The game lasted 00:32:12 (9918 turns).

Pimp the Fighter (Gargoyle Fighter)                 Turns: 9918, Time: 00:32:13

Health: -10/73     AC: 25    Str: 23    XL:     11   Next: 69%
Magic:  0/11       EV: 12    Int: 10    God:
Gold:   730        SH: 10    Dex:  9    Spells: 10/10 levels left

rFire   . . .        a - +0 war axe (spect)
rCold   . . .        c - +0 buckler
rNeg    + . .        t - +1 plate armour
rPois   ∞            (no helmet)
rElec   +            g - scarf {shadows}
rCorr   .            (no gloves)
SInv    +            f - +0 pair of boots
Will    +....        (no amulet) Stlth
                     n - +5 ring of evasion
HPRegen 0.32/turn    z - ring of willpower
MPRegen 0.12/turn

%: no passive effects
@: no status effects
A: sickness immunity, AC +8, negative energy resistance 1, electricity
resistance, torment resistance 1, petrification resistance, large bone plates 1,
see invisible
a: no special abilities


You were on level 12 of the Dungeon.
You visited 2 branches of the dungeon, and saw 12 of its levels.

You collected 756 gold pieces.
You spent 26 gold pieces at shops.

Inventory:

Hand Weapons
 a - a +0 spectral war axe (weapon)
 E - the +10 sling "Lacertilian's Funeral" {drain, Int+4}
   (You took it off a kobold on level 10 of the Dungeon)

   Int:       It affects your intelligence (+4).
Armour
 b - a +0 scale mail
 c - a +0 buckler (worn)
 f - a +0 pair of boots (worn)
 g - a scarf of shadows (worn)
 s - a +0 chain mail
 t - a +1 plate armour (worn)
Jewellery
 l - a ring of flight
 n - a +5 ring of evasion (left hand)
 z - a ring of willpower (right hand)
 D - an amulet of guardian spirit
Wands
 y - a wand of flame (18)
Scrolls
 e - a scroll of immolation
 j - 2 scrolls of poison
 k - 7 scrolls of identify
 p - a scroll of fog
 v - 2 scrolls of amnesia
 x - 2 scrolls of teleportation
 F - a scroll of brand weapon
Potions
 d - a potion of might
 h - a potion of ambrosia
 i - 3 potions of curing
 m - a potion of experience {unknown}
 o - 3 potions of flight
 q - a potion of attraction
 r - a potion of resistance {unknown}
 u - 2 potions of mutation
 w - 2 potions of heal wounds {unknown}
 A - 2 potions of lignification {unknown}
 B - 3 potions of berserk rage {unknown}
 C - a potion of brilliance {unknown}


   Skills:
 + Level 10.9 Fighting
 - Level 8.2 Axes
 + Level 3.4 Ranged Weapons
 - Level 10.2 Armour
 - Level 10.2 Shields


You had 10 spell levels left.
You didn't know any spells.
Your spell library contained the following spells:

 Spells                   Type           Power      Damage    Failure   Level
 Apportation              Tloc           0%         N/A       99%         1
 Beastly Appendage        Tmut           0%         N/A       99%         1
 Kiss of Death            Conj/Necr      0%         2d5       99%         1
 Shock                    Conj/Air       0%         1d3       99%         1
 Blink                    Tloc           0%         N/A       100%        2
 Ensorcelled Hibernation  Hex/Ice        0%         N/A       100%        2
 Lesser Beckoning         Tloc           0%         N/A       100%        2
 Momentum Strike          Conj/Tloc      0%         3d8       100%        2
 Passwall                 Tmut/Erth      0%         N/A       100%        2
 Wereblood                Tmut           0%         N/A       100%        2
 Confusing Touch          Hex            0%         N/A       100%        3
 Dazzling Flash           Conj/Hex       0%         N/A       100%        3
 Spider Form              Tmut/Pois      0%         N/A       100%        3
 Swiftness                Air            0%         N/A       100%        3
 Volatile Blastmotes      Fire/Tloc      0%         2d10      100%        3
 Airstrike                Air            0%         2d(0-16)  100%        4
 Dispel Undead            Necr           0%         3d6       100%        4
 Iskenderun's Mystic Bla  Conj/Tloc      0%         2d3       100%        4
 Petrify                  Tmut/Erth      0%         N/A       100%        4
 Alistair's Intoxication  Tmut/Pois      0%         N/A       100%        5
 Metabolic Englaciation   Hex/Ice        0%         N/A       100%        5
 Starburst                Conj/Fire      0%         6d3       100%        6
 Statue Form              Tmut/Erth      Unusable   N/A       N/A         6

Dungeon Overview and Level Annotations

Branches:
Dungeon (12/15)            Temple (1/1) D:5
   Lair: D:8-11         Orc: D:9-12

Altars:
Ashenzari
Cheibriados
Dithmenos
Elyvilon
Fedhas
Gozag
Hepliaklqana
Kikubaaqudgha
Makhleb
Nemelex Xobeh
Okawaru
Qazlal
Sif Muna
Trog
Uskayaw
Vehumet
Xom
Zin
The Shining One

Shops:
D:6 :   D:8 *   D:10 =

Annotations:
D:12 Rupert


Innate Abilities, Weirdness & Mutations

You are immune to sickness and miasma.
Your stone body is resilient. (AC +8)
You are immune to poison.
You resist negative energy. (rN+)
You are resistant to electric shocks. (rElec)
You are resistant to unholy torment.
You are immune to petrification.
You are partially covered in large bone plates. (SH +4)
You have supernaturally acute eyesight. (SInv)


Message History

Rupert closely misses you.
Rupert hits your +0 spectral war axe with a +1 antimagic battleaxe!!
Your spectral weapon shares its damage with you!
Your +0 spectral war axe disappears.
You slash Rupert!
Rupert is heavily wounded.
Your +0 spectral war axe hits Rupert!
Rupert is engulfed in poison gas.
Rupert looks as sick as possible!
Rupert hits your +0 spectral war axe with a +1 antimagic battleaxe!
Your spectral weapon shares its damage with you!
You block Rupert's attack.
Rupert is engulfed in poison gas.
Rupert looks as sick as possible!
Rupert hits your +0 spectral war axe with a +1 antimagic battleaxe!
Your spectral weapon shares its damage with you!
Your +0 spectral war axe disappears.
Rupert hits you with a +1 antimagic battleaxe.
You feel your power leaking away.
Okay, then.
Rupert shouts!
You slash Rupert!
Rupert is severely wounded.
Your +0 spectral war axe hits Rupert!
Rupert looks as sick as possible!
Rupert hits you but does no damage.
Rupert closely misses your +0 spectral war axe.
You closely miss Rupert.
Rupert is severely wounded.
Your +0 spectral war axe hits Rupert!
Rupert is engulfed in poison gas.
Rupert looks as sick as possible!
Rupert hits you with a +1 antimagic battleaxe!
* * * LOW HITPOINT WARNING * * *
Rupert barely misses your +0 spectral war axe.
Rupert is engulfed in poison gas.
Rupert looks as sick as possible!
You block Rupert's attack.
Rupert completely misses your +0 spectral war axe.
You feel better.
Your +0 spectral war axe disappears.
Rupert is engulfed in poison gas.
Rupert looks as sick as possible!
Rupert hits you with a +1 antimagic battleaxe!!!
Ouch! That really hurt!
You die...

#... ........ #...
......... #§°#
#.##....# #§§#
#§##....######
#°§###☼##☼..o...[..
#°☼##§°§☼.o.....oo.
#°§##§☼# #.#.#
######☼§○§○○###.#.##
..§☼°○☼☼@@o§☼oo....#
######§####.§#####.#
#.###...# .#
#.......# ..
#####...# ... ##..#
... ##... ##


You could see Rupert (berserk, extremely poisoned), an orc wizard (invisible)
and 2 orcs.

Vanquished Creatures
  Fannar (D:10)
  A two-headed ogre (D:10)
  A boulder beetle (D:11)
  An ugly thing (D:11)
  A kobold demonologist (D:7)
  3 trolls
  2 slime creatures (D:12)
  Sigmund (D:3)
  2 shadows
  A vampire (D:11)
  A wraith (D:10)
  Menkaure (D:4)
  A warg (D:7)
  2 acid dragons
  2 water moccasins
  3 sky beasts
  4 orc warriors
  2 ice beasts (D:7)
  8 ogres
  3 black bears
  12 centaurs
  2 bullfrogs (D:8)
  2 kobold brigands
  Blork the orc (D:6)
  A gnoll sergeant (D:6)
  11 wights
  11 killer bees (D:10)
  12 howler monkeys
  9 hounds
  11 orc priests
  A jelly (D:5)
  3 gnoll boudas
  2 sleepcaps
  Jessica (D:3)
  4 iguanas
  6 orc wizards
  Robin (D:4)
  14 gnolls
  12 adders
  A shadow imp (D:8)
  A white imp (D:6)
  4 dart slugs
  37 orcs
  6 ball pythons
  11 bats
  7 endoplasms
  2 giant cockroaches
  9 hobgoblins
  10 jackals
  11 kobolds
  7 quokkas
  19 goblins
  6 rats
288 creatures vanquished.

Vanquished Creatures (others)
  A howler monkey (D:7)
  An orc wizard (D:7)
  9 plants
  3 spectral weapons
14 creatures vanquished.

Grand Total: 302 creatures vanquished

Notes
Turn   | Place    | Note
-------+----------+-------------------------------------------
     0 | D:1      | Pimp the Gargoyle Fighter began the quest for the Orb.
     0 | D:1      | Reached XP level 1. HP: 14/14 MP: 1/1
    65 | D:1      | Reached XP level 2. HP: 19/19 MP: 2/2
   589 | D:1      | Reached XP level 3. HP: 22/23 MP: 3/3
  1429 | D:2      | Reached XP level 4. HP: 26/29 MP: 4/4
  1965 | D:3      | Found an opulent altar of Gozag.
  1971 | D:3      | Found a blossoming altar of Fedhas.
  1992 | D:3      | Reached XP level 5. HP: 11/33 MP: 5/5
  2244 | D:3      | Noticed Jessica
  2249 | D:3      | Killed Jessica
  2417 | D:3      | Found a faded altar of an unknown god.
  2512 | D:3      | Noticed Sigmund
  2524 | D:3      | Killed Sigmund
  2525 | D:3      | Reached XP level 6. HP: 30/40 MP: 6/6
  2963 | D:4      | Noticed Menkaure
  2966 | D:4      | Noticed Robin
  2970 | D:4      | Killed Menkaure
  2971 | D:4      | Reached skill level 5 in Fighting
  2971 | D:4      | Reached skill level 5 in Armour
  2971 | D:4      | Reached skill level 5 in Shields
  2971 | D:4      | Reached XP level 7. HP: 35/44 MP: 7/7
  2980 | D:4      | Killed Robin
  3560 | D:5      | Entered Level 5 of the Dungeon
  3715 | D:5      | Found a staircase to the Ecumenical Temple.
  3730 | Temple   | Entered the Ecumenical Temple
  4150 | D:5      | Found a broken altar of Ashenzari.
  4152 | D:5      | Found a shimmering blue altar of Sif Muna.
  4157 | D:5      | Found an iron altar of Okawaru.
  4160 | D:5      | Found a stormy altar of Qazlal.
  4503 | D:5      | Reached XP level 8. HP: 51/51 MP: 8/8
  4982 | D:5      | Identified the +6 leather armour of Ufeustro {Int+5}
  5070 | D:6      | Noticed Blork the orc
  5081 | D:6      | Upgraded the game from 0.31-a0-7-g51783674b7 to
                  | 0.31-a0-8-gd14b0f4ee2
  5093 | D:6      | Killed Blork the orc
  5094 | D:6      | Reached skill level 5 in Axes
  5454 | D:6      | Reached XP level 9. HP: 56/56 MP: 9/9
  5570 | D:6      | Found Roeseuca's Book Shop.
  6443 | D:7      | Reached XP level 10. HP: 59/64 MP: 10/10
  7015 | D:7      | Gained mutation: You are vulnerable to cold. (rC-) [potion
                  | of mutation]
  7015 | D:7      | Gained mutation: A frigid envelope surrounds you and
                  | freezes all who hurt you. [potion of mutation]
  7262 | D:7      | Noticed a kobold demonologist
  7264 | D:7      | Gained mutation: Your body sometimes deteriorates upon
                  | taking damage. [a neqoxec]
  7270 | D:7      | Killed a kobold demonologist
  7371 | D:8      | Found Weiduoll's Assorted Antiques.
  7439 | D:8      | Bought a scroll labelled ITIG WAF TAKO for 26 gold pieces
  7454 | D:8      | Found an ancient bone altar of Kikubaaqudgha.
  7467 | D:8      | Lost mutation: Your body sometimes deteriorates upon taking
                  | damage. [potion of mutation]
  7467 | D:8      | Lost mutation: You are vulnerable to cold. (rC-) [potion of
                  | mutation]
  7467 | D:8      | Lost mutation: A frigid envelope surrounds you and freezes
                  | all who hurt you. [potion of mutation]
  7467 | D:8      | Gained mutation: You are partially covered in large bone
                  | plates. (SH +4) [potion of mutation]
  7467 | D:8      | Gained mutation: You have supernaturally acute eyesight.
                  | (SInv) [potion of mutation]
  8073 | D:8      | You fall into a shaft and drop 3 floors!
  8247 | D:11     | Noticed a boulder beetle
  8260 | D:10     | Entered Level 10 of the Dungeon
  8276 | D:10     | Reached XP level 11. HP: 41/71 MP: 11/11
  8284 | D:10     | Noticed a two-headed ogre
  8293 | D:10     | Killed a two-headed ogre
  8296 | D:10     | Noticed Fannar
  8309 | D:10     | Killed Fannar
  8310 | D:10     | Reached skill level 10 in Armour
  8310 | D:10     | Reached skill level 10 in Shields
  8459 | D:10     | Identified the +10 sling "Lacertilian's Funeral" {drain,
                  | Int+4}
  8463 | D:10     | Reached skill level 10 in Fighting
  8638 | D:10     | Found Qeizian's Jewellery Shoppe.
  9241 | D:11     | Killed a boulder beetle
  9242 | D:11     | Reached skill level 1 in Ranged Weapons
  9406 | D:11     | Noticed a white ugly thing
  9430 | D:11     | Killed a white ugly thing
  9891 | D:12     | Noticed Rupert
  9894 | D:12     | Paralysed by Rupert for 5 turns
  9918 | D:12     | Mangled by Rupert

Illustrated notes

Levels and vault maps discovered:
D:1:      sevenhm_arrival_forest_fort_large_2, layout_basic,
          minmay_splitting_lines
D:2:      layout_loops_corners, st_stairs_1
D:3:      layout_basic, fedhas_altar_2, general_overflow_altar,
          ebering_ecumenical_altar_ruins, uniq_jessica, uniq_sigmund
D:4:      layout_basic, uniq_menkaure, uniq_robin
D:5:      minmay_chambers_of_threes, layout_loops_ring,
          grunt_temple_overflow_open, minmay_temple_entry_purple_smoke,
          grunt_ministairs_13, serial_bayou_lagoon_b
D:6:      layout_gridville, serial_shops, nicolae_square_shop,
          uniq_blork_the_orc
D:7:      lemuel_castle_with_subvaults [lemuel_castle_interior_carwin_1],
          layout_rooms
D:8:      layout_basic, kiku_gazebo_garden_becter,
          lemuel_zombie_altar_yredelemnul, serial_shops, shop
D:10:     layout_rooms, serial_shops, nicolae_stop_n_shop_1, hex_medium,
          grunt_ministairs_3, uniq_fannar
D:11:     layout_cave_pools, serial_bayou_crossing
D:12:     minmay_crescents, layout_loops_ring, nicolae_kite_square_tiling_tiny,
          uniq_rupert
Temple:   nicolae_temple_bog_church

Skill      XL: |  1  2  3  4  5  6  7  8  9 10 11 |
---------------+----------------------------------+-----
Axes           | 2 3 4 5 6 7 8 |  8.2
Shields        | 4 5 6 8 9 10 | 10.2
Fighting       | 4 5 6 8 9 10 | 10.9
Armour         | 4 5 6 8 9 10 | 10.2
Ranged Weapons | 3 |  3.4

Action                     |  1- 3 |  4- 6 |  7- 9 | 10-12 || total
---------------------------+-------+-------+-------+-------++-------
  Melee: War axe           |   112 |   124 |   308 |   264 ||   808
   Fire: Sling             |       |       |       |    14 ||    14
    Use: Potion            |       |       |     3 |     9 ||    12
         Scroll            |       |       |    12 |    10 ||    22
   Stab: Distracted        |       |       |       |     1 ||     1
 Armour: Scale mail        |    98 |    64 |       |       ||   162
         Chain mail        |       |    33 |       |       ||    33
         Plate armour      |       |    38 |   274 |   168 ||   480
  Dodge: Dodged            |    83 |    90 |   100 |   133 ||   406
  Block: Buckler           |    37 |    50 |    98 |   124 ||   309

Table legend: (Time is in decaauts)
 A = Elapsed time spent in this place.
 B = Non-inter-level travel time spent in this place.
 C = Inter-level travel time spent in this place.
 D = Time resting spent in this place.
 E = Time spent auto-exploring this place.
 F = Levels seen in this place.
 G = Mean time per level.
                   A        B        C        D        E       F      G
               +--------+--------+--------+--------+--------+-----+--------+
         Total |  10166 |   9750 |    416 |   1290 |   6158 |  12 |  847.2 |
       Dungeon |   9866 |   9509 |    357 |   1209 |   6018 |  11 |  896.9 |
        Temple |    300 |    241 |     59 |     81 |    139 |   1 |  300.0 |
               +--------+--------+--------+--------+--------+-----+--------+

Top non-repeatable levels by time:
     D:5: 1251 daAuts
     D:7: 1251 daAuts
     D:6: 1079 daAuts
     D:2: 1054 daAuts
     D:3: 1047 daAuts
     D:1: 927 daAuts
    D:10: 919 daAuts
    D:11: 769 daAuts
     D:8: 750 daAuts
     D:4: 643 daAuts
  Temple: 300 daAuts
    D:12: 170 daAuts
